 Dungeon Crawl Stone Soup version 0.26-a0-651-gb41185065b (webtiles) character file.

Game seed: 4364278027648950420

51 Lanoc the Shield-Bearer (level 3, -1/26 HPs)
             Began as an Octopode Fighter on Oct 2, 2020.
             Slain by an adder (4 damage)
             ... on level 2 of the Dungeon.
             The game lasted 00:01:17 (686 turns).

Lanoc the Shield-Bearer (Octopode Fighter)           Turns: 686, Time: 00:01:18

Health: -1/26      AC:  1    Str: 15    XL:     3   Next: 81%
Magic:  3/3        EV: 12    Int: 10    God:
Gold:   22         SH:  8    Dex: 12    Spells: 2/2 levels left

rFire    . . .     SeeInvis .   a - +0 war axe
rCold    . . .     Faith    .   b - +0 kite shield
rNeg     . . .     Spirit   .   (helmet restricted)
rPois    .         Reflect  .   (no amulet)
rElec    .         Harm     .   (no ring)
rCorr    .         Rampage  .   (no ring)
MR       .....                  (no ring)
Stlth    ++........             (no ring)
HPRegen  0.08/turn              (no ring)
MPRegen  0.08/turn              (no ring)
                                (no ring)
                                (no ring)

@: lethally poisoned (-1 -> -4)
A: almost no armour, stealthy swim, amphibious, 8 rings, constrict 8, camouflage
1, gelatinous body 1
a: no special abilities


You were on level 2 of the Dungeon.
You visited 1 branch of the dungeon, and saw 3 of its levels.

You collected 22 gold pieces.

Inventory:

Hand Weapons
 a - a +0 war axe (weapon)
Armour
 b - a +0 kite shield (worn)
Wands
 k - a wand of polymorph (3)
Scrolls
 d - 3 scrolls of amnesia {unknown}
 g - 2 scrolls of identify {unknown}
 h - a scroll of fog {unknown}
 i - a scroll of random uselessness {unknown}
Potions
 c - a potion of might
 e - a potion of magic
 f - a potion of stabbing {unknown}
 j - a potion of resistance {unknown}


   Skills:
 + Level 3.3 Fighting
 * Level 2.9 Axes
 + Level 3.3 Dodging
 + Level 3.3 Shields


You had 2 spell levels left.
You didn't know any spells.
Your spell library was empty.

Dungeon Overview and Level Annotations

Branches:
Dungeon (3/15)

Altars:


Innate Abilities, Weirdness & Mutations

You cannot wear most types of armour.
You are very stealthy in the water. (Stealth+)
You are amphibious.
You can wear up to eight rings at the same time.
You can use your tentacles to constrict eight enemies at once.
Your skin changes colour to match your surroundings (Stealth+).
Your rubbery body absorbs attacks. (AC +1, EV +1)


Message History

The gnoll closely misses you. The gnoll hits you with a +0 club.
There is a stone staircase leading up here.
You climb upwards.
An adder comes into view.
There is a stone staircase leading down, spattered with blood here.
An adder is nearby!
The adder hisses angrily.
The adder bites you.
You are poisoned.
The adder poisons you! The adder bites you.
You closely miss the adder. Your grab misses the adder.
You feel sick. The adder bites you.
* * * LOW HITPOINT WARNING * * *
You block the adder's attack.
You miss the adder. Your grab misses the adder.
You squeeze the adder, but do no damage.
You block the adder's attack.
It was a potion of magic.
Magic courses through your body. The adder bites you.
You die...

# #.#################
....).#...........
#................
#.##.#.##########
#.(.......#
#).#.####.#####
#.>)...........
#())###@#.####
#.....#S# #.....#.#
#...(.#.# #....<#.#
#.....#.# #..#..#.#
..#
#.....#.###.#...(.≈.≈
#...#.#.#.#.#........


You could see an adder.

Vanquished Creatures
  Robin (D:2)
  A gnoll (D:3)
  2 dart slugs
  A leopard gecko (D:1)
  3 giant cockroaches (D:1)
  5 goblins
  3 hobgoblins (D:2)
  3 jackals (D:1)
  2 frilled lizards (D:1)
  2 kobolds (D:1)
  A rat (D:1)
24 creatures vanquished.

Vanquished Creatures (others)
  3 plants (D:1)
3 creatures vanquished.

Grand Total: 27 creatures vanquished

Notes
Turn   | Place    | Note
-------+----------+-------------------------------------------
     0 | D:1      | Lanoc the Octopode Fighter began the quest for the Orb.
     0 | D:1      | Reached XP level 1. HP: 16/16 MP: 1/1
    90 | D:1      | Reached XP level 2. HP: 21/21 MP: 2/2
   495 | D:2      | Noticed Robin
   499 | D:2      | Reached XP level 3. HP: 20/26 MP: 3/3
   506 | D:2      | Killed Robin
   686 | D:2      | Slain by an adder

Illustrated notes

Levels and vault maps discovered:
D:1:      evilmike_arrival_fibonacci_small, layout_basic, serial_bayou,
          serial_bayou_lake_a, serial_bayou_pond_d, serial_bayou_pond_e,
          serial_bayou_pond_d, serial_bayou_ford_a, serial_bayou_shore_a,
          item_on_display_a
D:2:      layout_basic, chequers_ecumenical_altar_island, uniq_robin
D:3:      layout_basic, uniq_natasha

Action                   || total
-------------------------++-------
Melee: War axe           ||    41
       Constrict         ||    14
       Tentacles         ||    10
       Unarmed           ||     9
  Use: Potion            ||     1
 Stab: Sleeping          ||     1
Armor: Skin              ||     5
Dodge: Dodged            ||    21
Block: Kite shield       ||    26

Table legend: (Time is in decaauts)
 A = Elapsed time spent in this place.
 B = Non-inter-level travel time spent in this place.
 C = Inter-level travel time spent in this place.
 D = Time resting spent in this place.
 E = Time spent auto-exploring this place.
 F = Levels seen in this place.
 G = Mean time per level.
                   A        B        C        D        E       F      G
               +--------+--------+--------+--------+--------+-----+--------+
         Total |    706 |    685 |     21 |    102 |    410 |   3 |  235.3 |
       Dungeon |    706 |    685 |     21 |    102 |    410 |   3 |  235.3 |
               +--------+--------+--------+--------+--------+-----+--------+

Top non-repeatable levels by time:
     D:1: 414 daAuts
     D:2: 240 daAuts
     D:3: 51 daAuts
